 Dungeon Crawl Stone Soup version 0.24.0-29-g8ce449bc06 (webtiles) character file.

Game seed: 445602145499164441, levelgen mode: deterministic

202 Delamore the Chopper (level 5, -4/45 HPs)
             Began as a Hill Orc Fighter on Nov 16, 2019.
             Killed by divine providence
             ... invoked by an orc priest
              (11 damage)
             ... on level 2 of the Dungeon.
             The game lasted 00:03:31 (1904 turns).

Delamore the Chopper (Hill Orc Fighter)             Turns: 1904, Time: 00:03:31

Health: -4/45      AC:  6    Str: 20    XL:     5   Next: 80%
Magic:  5/5        EV:  7    Int:  8    God:
Gold:   83         SH:  9    Dex: 10    Spells: 4/4 levels left

rFire    . . .     SeeInvis .   a - +0 war axe
rCold    . . .     Gourm    .   c - +0 shield
rNeg     . . .     Faith    .   b - +0 scale mail
rPois    .         Spirit   .   (no helmet)
rElec    .         Reflect  .   (no cloak)
rCorr    .         Harm     .   (no gloves)
MR       .....                  (no boots)
Stlth    ..........             (no amulet)
HPRegen  0.15/turn              (no ring)
MPRegen  0.09/turn              (no ring)

@: no status effects
A: no striking features
a: Convert to Beogh


You were on level 2 of the Dungeon.
You were hungry.

You visited 1 branch of the dungeon, and saw 3 of its levels.

You collected 83 gold pieces.

Inventory:

Hand Weapons
 a - a +0 war axe (weapon)
Missiles
 l - 10 poisoned darts (quivered)
Armour
 b - a +0 scale mail (worn)
 c - a +0 shield (worn)
Jewellery
 j - an uncursed ring of wizardry {unknown}
 r - a cursed amulet of inaccuracy {unknown}
Wands
 u - a wand of clouds (4)
Scrolls
 g - 4 scrolls of identify {unknown}
 h - 2 scrolls of blinking {unknown}
 i - 2 scrolls of fog {unknown}
 k - a scroll of remove curse {unknown}
 m - 2 scrolls of teleportation {unknown}
 n - a scroll of enchant armour {unknown}
 q - a scroll of enchant weapon {unknown}
Potions
 d - a potion of might
 e - 3 potions of curing {unknown}
 o - a potion of lignification {unknown}
 p - a potion of haste {unknown}
 s - a potion of heal wounds {unknown}
 t - a potion of berserk rage {unknown}
Comestibles
 f - 6 rations
 v - 2 chunks of flesh


   Skills:
 - Level 3.6 Fighting
 + Level 7.7 Axes
 - Level 3.2 Armour
 - Level 3.2 Shields


You had 4 spell levels left.
You didn't know any spells.
Your spell library was empty.

Dungeon Overview and Level Annotations

Branches:
Dungeon (3/15)

Altars:
Dithmenos
Vehumet


Message History

You hit the orc priest.
The orc priest is severely wounded.
The orc priest mumbles some strange prayers to Beogh against you.
You barely resist.
You hit the orc priest but do no damage.
The orc priest is severely wounded.
The orc priest closely misses you.
You closely miss the orc priest.
The orc priest is severely wounded.
The orc priest hits you with a +0 falchion.
* * * LOW HITPOINT WARNING * * *
You hit the orc priest but do no damage.
The orc priest is severely wounded.
The orc priest begins to cast a cantrip, but forgets the words!
You block the orc priest's attack.
You hit the orc priest but do no damage.
The orc priest is severely wounded.
The orc priest invokes the aid of Beogh against you.
Beogh smites you!
You die...

.....#####...#...............##
#####......#####..........#...##
#.####...#...########..#.#.##
#.# #.#.#.#..........##.##.# #.#
#.#...#.#...............
##.####.#####.#.######..#)##.#
#......÷# #.#.# ###..#.#.##
#..###..# #o#.# #....†..##
#.......# #@#.# #.##.#.##
####...###.# #)#.# #.##.#.#
...#...# #.#####.#.####.##.#.#
#......###.......#.....#...#.#
#..#.#.....####..####.###.##.#
#.<#.###...# #..###.## ##.#.####
#..#.# #.(.# #.....## ##.....#
#..#.###...# ##.###.## ##.#.##.#
...........#####.#
##.###.##.##.#


You could see an orc priest.

Vanquished Creatures
  A bullfrog (D:2)
  A crimson imp (D:2)
  2 adders (D:2)
  A shadow imp (D:2)
  6 worms
  A dart slug (D:2)
  2 leopard geckos
  2 orcs (D:2)
  A ball python (D:2)
  4 bats
  4 giant cockroaches
  6 goblins
  4 hobgoblins
  9 jackals
  5 kobolds
  5 frilled lizards
  5 rats
59 creatures vanquished.

Notes
Turn   | Place    | Note
-------+----------+-------------------------------------------
     0 | D:1      | Delamore the Hill Orc Fighter began the quest for the Orb.
     0 | D:1      | Reached XP level 1. HP: 19/19 MP: 1/1
     8 | D:1      | Reached skill level 3 in Axes
    33 | D:1      | Reached XP level 2. HP: 26/26 MP: 2/2
   129 | D:1      | Reached skill level 4 in Axes
   464 | D:1      | Reached XP level 3. HP: 31/31 MP: 3/3
   871 | D:2      | Reached skill level 5 in Axes
  1026 | D:2      | Reached XP level 4. HP: 32/39 MP: 4/4
  1183 | D:2      | Reached skill level 6 in Axes
  1318 | D:2      | Found a radiant altar of Vehumet.
  1478 | D:2      | Found a transporter.
  1482 | D:2      | Noticed a bullfrog
  1488 | D:2      | Found a transporter.
  1497 | D:2      | Found a shadowy altar of Dithmenos.
  1547 | D:2      | Killed a bullfrog
  1547 | D:2      | Reached skill level 7 in Axes
  1547 | D:2      | Reached XP level 5. HP: 18/45 MP: 5/5
  1904 | D:2      | Killed from afar by an orc priest

Levels and vault maps discovered:
D:1:      evilmike_arrival_run_for_it, layout_basic
D:2:      layout_loops_ring, vehumet_crystals, gammafunk_temple_overflow_arena
D:3:      layout_rooms, uniq_ijyb

Skill      XL: |  1  2  3  4 |
---------------+-------------+-----
Axes           | 3 4 5 7 |  7.7
Fighting       | |  3.6
Armour         | |  3.2
Shields        | |  3.2

Action                   |  1- 3 |  4- 6 || total
-------------------------+-------+-------++-------
Melee: War axe           |   103 |    90 ||   193
  Eat: Chunk             |     1 |     2 ||     3
Armor: Scale mail        |    36 |    38 ||    74
Dodge: Dodged            |    28 |    25 ||    53
Block: Shield            |    62 |    42 ||   104
